[Event "FIDE Women World Blitz 2021"]
[Site "Warsaw"]
[Date "2021.12.29"]
[Round "7.12"]
[White "Kulon, Klaudia"]
[Black "Balajayeva, Khanim"]
[Result "0-1"]
[ECO "E05"]
[WhiteElo "2328"]
[BlackElo "2369"]
[Annotator "NA"]
[PlyCount "92"]
[EventDate "2021.12.29"]
[EventType "swiss"]
[EventCountry "POL"]
[Tiebreak "Cut1 Buchholz"]
[SourceTitle "playchess.com"]
[Source "ChessBase"]
[SourceQuality "1"]
[TimeControl "180+2"]

1. c4 e6 2. g3 d5 3. Bg2 Nf6 4. Nf3 Be7 5. O-O O-O 6. d4 dxc4 7. Qc2 a6 8. Qxc4 b5 9. Qc2 Bb7 10. Bd2 Be4 11. Qc1 Bb7 12. a4 b4 13. a5 Nbd7 14. Bf4 c5 15. dxc5 Bxc5 16. Be3 Rc8 17. Bxc5 Nxc5 18. Qd1 Qe7 19. Qe1 Nb3 20. Ra4 Nd5 21. e4 Bc6 22. exd5 Bxa4 23. Qe3 Qc5 24. Qf4 exd5 25. Ne5 Nd4 26. Kh1 Ne6 27. Qh4 Bb5 28. Rg1 Qxf2 29. Qxb4 Rc2 30. Ng4 Qe2 31. Nc3 Qc4 32. Nxd5 Qxb4 33. Nxb4 Rc4 34. Nxa6 Rxg4 35. h3 Ra4 36. Bb7 Rxa5 37. Nb4 h6 38. Rc1 Bd7 39. Bf3 Rb5 40. Nd3 Nd4 41. Bg2 Bf5 42. Rd1 Ne6 43. g4 Bh7 44. Bc6 Rb6 45.
Bd5 Rd8 46. Ne5 Rbd6 0-1

[Event "FIDE Women World Blitz 2021"]
[Site "Warsaw"]
[Date "2021.12.29"]
[Round "7.12"]
[White "Budkiewicz, Magdalena"]
[Black "Szczotka, Klara"]
[Result "0-1"]
[ECO "B17"]
[WhiteElo "1624"]
[BlackElo "1584"]
[Annotator "NA"]
[PlyCount "136"]
[EventDate "2021.12.29"]
[EventType "swiss"]
[EventCountry "POL"]
[Tiebreak "Cut1 Buchholz"]
[SourceTitle "playchess.com"]
[Source "ChessBase"]
[SourceQuality "1"]
[TimeControl "180+2"]

1. e4 c6 2. d4 d5 3. Nc3 dxe4 4. Nxe4 Nd7 5. Nf3 Ngf6 6. Nxf6+ Nxf6 7. h3 e6 8. Bd3 Be7 9. O-O O-O 10. c3 b6 11. Ne5 Bb7 12. Bf4 c5 13.
dxc5 Bxc5 14. Be2 Nd5 15. Bg3 Ne7 16. Nd7 Re8 17. Nxc5 bxc5 18. Bf3 Bxf3 19. Qxf3 Qd5 20. Qg4 Qd2 21. Rab1 Nf5 22. Bf4 Qd8 23. Rfd1 Qa5 24. a3 Rad8 25. Qf3 Qb6 26. b4 Ne7 27. c4 Nc6 28. b5 Nd4 29. Qe4 f6 30. a4 e5 31. Be3 Qe6 32. Bxd4 cxd4 33. c5 Qc4 34. c6 Qxa4 35. c7 Rc8 36. Qc6 Qa5 37. Rbc1 Qb6 38.
Qxb6 axb6 39. Rc6 Re7 40. Rdc1 Kf8 41. Kf1 Rd7 42. Ke2 Ke7 43. Kd3 Rd6 44. Ke4 Kd7 45. Rxd6+ Kxd6 46. Rc6+ Kd7 47. Rxb6 Rxc7 48. Ra6 Rb7 49. Ra5 Kd6 50. Ra6+ Kc5 51. b6 Rxb6 52. Ra7 Rb2 53. f3 Rxg2 54. Rc7+ Kd6 55. Rc1 Re2+ 56. Kd3 Rh2 57. Rg1 g6 58. h4 Rxh4 59. Ra1 Rh3 60. Ke4 Rh4+ 61. Kd3 Ke6 62. Ra6+ Kf5 63. Ra1 Rh3 64. Ke2 Kf4 65. Rf1 h5 66. Rf2 g5 67. Rf1 d3+ 68.
Kd2 Rxf3 0-1

[Event "FIDE Women World Blitz 2021"]
[Site "Warsaw"]
[Date "2021.12.29"]
[Round "7.13"]
[White "Babiy, Olga"]
[Black "Mamedjarova, Turkan"]
[Result "1-0"]
[ECO "D02"]
[WhiteElo "2179"]
[BlackElo "2264"]
[Annotator "NA"]
[PlyCount "157"]
[EventDate "2021.12.29"]
[EventType "swiss"]
[EventCountry "POL"]
[Tiebreak "Cut1 Buchholz"]
[SourceTitle "playchess.com"]
[Source "ChessBase"]
[SourceQuality "1"]
[TimeControl "180+2"]

1. d4 Nf6 2. Nf3 e6 3. Bf4 d5 4. e3 Bd6 5. Nbd2 Bxf4 6. exf4 c5 7. c3 cxd4 8. Nxd4 O-O 9. Bd3 Qc7 10. g3 e5 11. fxe5 Qxe5+ 12. Qe2 Qxe2+ 13. Nxe2 Nc6 14. Nf3 Bg4 15. Nfd4 Rfe8 16. O-O Ne5 17. Bb5 Re7 18. f3 a6 19. fxg4 axb5 20. h3 Nc4 21. b3 Nd6 22. Kg2 Re3 23. Rf3 Re5 24. Nf4 h6 25.
Nd3 Re7 26. Nb4 Rae8 27. Raf1 Re3 28. Rxf6 gxf6 29. Nxd5 Kg7 30. Nxe3 Rxe3 31. Rf3 Re1 32. Rd3 Ne4 33. Kf3 Ng5+ 34. Kg2 Ra1 35. Rd2 Ne4 36. Rc2 Rd1 37. Nxb5 Rd3 38. c4 Rxg3+ 39. Kh2 Rd3 40. c5 Kf8 41. b4 Re3 42. Nd4 Ng5 43. Nf5 Rxh3+ 44. Kg2 Rd3 45. b5 Ne6 46. c6 bxc6 47. bxc6 Nc7 48. Rb2 Ke8 49. Rb8+ Rd8 50. Rb7 Ne6 51. Nxh6 Rd2+ 52. Kf1 Rxa2 53. Nf5 Rc2 54. Nd6+ Kf8 55. Rxf7+ Kg8 56. Re7 Nd4 57. c7 Rc1+ 58. Kf2 Kf8 59. Re8+ Kg7 60. c8=Q Rxc8 61. Rxc8 Ne6 62. Nf5+ Kf7 63. Kg3 Ng5 64. Rc7+ Ke6 65. Re7+ Kd5 66. Kh4 Nf3+ 67. Kh5 Ne5 68. Re8 Nd7 69. Kg6 Ne5+ 70. Kxf6 Nxg4+ 71. Kg5 Ne5 72. Rd8+ Ke6 73. Nd4+ Ke7 74. Ra8 Kd6 75. Ra6+ Kd5 76. Nf5 Nf3+ 77. Kf4 Nd2 78. Rd6+ Kc4 79. Rxd2 1-0

[Event "FIDE Women World Blitz 2021"]
[Site "Warsaw"]
[Date "2021.12.29"]
[Round "7.13"]
[White "Brambilla, Renee Blandy T."]
[Black "Heredia Serrano, Carla"]
[Result "0-1"]
[ECO "D10"]
[WhiteElo "1651"]
[BlackElo "2138"]
[Annotator "NA"]
[PlyCount "79"]
[EventDate "2021.12.29"]
[EventType "swiss"]
[EventCountry "POL"]
[Tiebreak "Cut1 Buchholz"]
[SourceTitle "playchess.com"]
[Source "ChessBase"]
[SourceQuality "1"]
[TimeControl "180+2"]

1. d4 d5 2. c4 c6 3. Nc3 dxc4 4. e3 b5 5. b3 cxb3 6. Qxb3 e6 7. Nf3 Nf6 8. Bd3 Be7 9. Ba3 O-O 10. Bxe7 Qxe7 11. O-O a5 12. a4 b4 13. Ne4 Nxe4 14. Bxe4 Bb7 15. Rac1 Rc8 16. Ne5 f6 17. Nd3 Nd7 18. Nc5 Nxc5 19. Rxc5 g6 20. Rfc1 Kg7 21. h3 Rc7 22. h4 Rac8 23. Qc2 f5 24. Bf3 Ra8 25. h5 g5 26. g4 Qf7 27. Bxc6 Bxc6 28. Rxc6 Rxc6 29. Qxc6 Rd8 30. Qb6 fxg4 31. Rc7 Rd7 32. Rxd7 Qxd7 33. Qxa5 Qd6 34. Qa7+ Kh6 35. Qc5 Qxc5 36. dxc5 b3 37. c6 b2 38. c7 b1=Q+ 39. Kg2 Qe4+ 40. f3 0-1

[Event "FIDE Women World Blitz 2021"]
[Site "Warsaw"]
[Date "2021.12.29"]
[Round "7.14"]
[White "Antolak, Julia"]
[Black "Socko, Monika"]
[Result "0-1"]
[ECO "C12"]
[WhiteElo "2334"]
[BlackElo "2393"]
[Annotator "NA"]
[PlyCount "86"]
[EventDate "2021.12.29"]
[EventType "swiss"]
[EventCountry "POL"]
[Tiebreak "Cut1 Buchholz"]
[SourceTitle "playchess.com"]
[Source "ChessBase"]
[SourceQuality "1"]
[TimeControl "180+2"]

1. e4 e6 2. d4 d5 3. Nc3 Nf6 4. Bg5 Bb4 5. e5 h6 6. Be3 Ne4 7. Qg4 g6 8. a3 Bxc3+ 9. bxc3 Nxc3 10. Bd3 b6 11. Bd2 Ne4 12. Bxe4 dxe4 13. Qxe4 Qd5 14. Qxd5 exd5 15. Ne2 Nc6 16. Rc1 Ba6 17. Nf4 Nxd4 18.
Nxd5 O-O-O 19. Nb4 Bc4 20. c3 Nb3 21. Rd1 Kb7 22. Be3 Rhe8 23. Rxd8 Rxd8 24. Bxh6 Re8 25. f4 Rd8 26. Bg5 Rd2 27. g4 a5 28. f5 Rb2 29. e6 fxe6 30. fxg6 axb4 31. g7 e5 32. axb4 Rb1+ 33. Kf2 Rxh1 34. Kg3 Nc1 35. Bxc1 Rxc1 36. h4 Kc6 37. h5 Bg8 38. g5 Rg1+ 39. Kh4 Kd7 40. h6 Bh7 41. Kh5 Ke6 42. g6 Bxg6+ 43. Kh4 Bh7 0-1

[Event "FIDE Women World Blitz 2021"]
[Site "Warsaw"]
[Date "2021.12.29"]
[Round "7.15"]
[White "Bivol, Alina"]
[Black "Efimenko, Maria"]
[Result "1-0"]
[ECO "B07"]
[WhiteElo "2377"]
[BlackElo "2207"]
[Annotator "NA"]
[PlyCount "63"]
[EventDate "2021.12.29"]
[EventType "swiss"]
[EventCountry "POL"]
[Tiebreak "Cut1 Buchholz"]
[SourceTitle "playchess.com"]
[Source "ChessBase"]
[SourceQuality "1"]
[TimeControl "180+2"]

1. e4 g6 2. d4 Bg7 3. Nc3 d6 4. g3 Nf6 5. Bg2 O-O 6. Nge2 Nbd7 7. h3 e5 8. Be3 c6 9. O-O Qc7 10. a4 a5 11. g4 h6 12. Ng3 Re8 13. f4 exf4 14. Bxf4 Nf8 15. Kh1 Ne6 16. Be3 d5 17. e5 Nh7 18. Qd2 Qb6 19. b3 Qd8 20.
Bxh6 Bxh6 21. Qxh6 Rf8 22. Nce2 c5 23. c3 cxd4 24. cxd4 b6 25.
Nc3 Bb7 26. Nb5 Ba6 27. Rad1 Qd7 28. Nf5 gxf5 29. gxf5 Ng7 30. f6 Ne6 31. Rf5 Bxb5 32. Rh5 1-0

[Event "FIDE Women World Blitz 2021"]
[Site "Warsaw"]
[Date "2021.12.29"]
[Round "7.16"]
[White "Lagno, Kateryna"]
[Black "Mamedjarova, Zeinab"]
[Result "1/2-1/2"]
[ECO "C42"]
[WhiteElo "2550"]
[BlackElo "2249"]
[Annotator "ChessBase"]
[PlyCount "122"]
[EventDate "2021.12.29"]
[EventType "swiss"]
[EventCountry "POL"]
[Tiebreak "Cut1 Buchholz"]
[SourceTitle "playchess.com"]
[Source "ChessBase"]
[SourceQuality "1"]
[TimeControl "180+2"]

1. e4 e5 2. Nf3 d6 3. Bc4 Be7 4. O-O Nf6 5. Nc3 O-O 6. d3 c6 7. Bb3 a5 8. a3 Nbd7 9. Re1 Nc5 10. Ba2 Be6 11. Bxe6 Nxe6 12. Ne2 Nh5 13. d4 Qc7 14. Be3 b6 15. c3 c5 16. d5 Nd8 17. c4 f5 18. exf5 Rxf5 19. Nc3 Nf4 20. Bxf4 Rxf4 21. Nd2 Qd7 22. Nde4 Rf8 23. h3 Nf7 24. Qg4 Qd8 25. Re3 Nh6 26. Qe6+ Kh8 27. Nb5 Nf5 28. Rf3 Nd4 29. Nxd4 cxd4 30. Rg3 a4 31. Qg4 Rf7 32. Qe6 Rf4 33. Nd2 Rf6 34. Qg4 Rg6 35. Qe4 Rxg3 36. fxg3 Bg5 37. Nf3 Be3+ 38. Kh2 Rc8 39. Qd3 Qe8 40. Nh4 e4 41. Qe2 Bg5 42. Re1 Bxh4 43. gxh4 Qe5+ 44. Kh1 e3 45. Qd3 Rf8 46. Qe2 h6 47. Qd3 Rf2 48. b3 axb3 49. Qxb3 e2 50. Qd3 Qf6 51. Rxe2 Rf1+ 52. Kh2 Qf4+ 53. g3 Rf2+ 54. Rxf2 Qxf2+ 55. Kh1
Qe1+ 56. Kg2 Qc3 57. Qf5 d3 58. Qf8+ Kh7 59. Qf5+ Kh8 60. Qf8+ Kh7 61.
Qf5+ Kh8 1/2-1/2

[Event "FIDE Women World Blitz 2021"]
[Site "Warsaw"]
[Date "2021.12.29"]
[Round "7.17"]
[White "Stefanova, Antoaneta"]
[Black "Semenova, Elena"]
[Result "1-0"]
[ECO "A08"]
[WhiteElo "2475"]
[BlackElo "2233"]
[Annotator "ChessBase"]
[PlyCount "85"]
[EventDate "2021.12.29"]
[EventType "swiss"]
[EventCountry "POL"]
[Tiebreak "Cut1 Buchholz"]
[SourceTitle "playchess.com"]
[Source "ChessBase"]
[SourceQuality "1"]
[TimeControl "180+2"]

1. Nf3 d5 2. g3 Nf6 3. Bg2 c5 4. O-O h6 5. b3 Nc6 6. Bb2 e6 7. e3 Be7 8. d4 O-O 9. dxc5 Bxc5 10. Qe2 Qe7 11. c4 dxc4 12. Qxc4 e5 13.
Nc3 Be6 14. Qe2 a6 15. Nd2 Rac8 16. a3 Rfd8 17. b4 Ba7 18. Nde4 Nxe4 19. Nxe4 b5 20. Rfd1 Bc4 21. Qf3 Qe6 22. g4 Ne7 23. h4 Ng6 24. Qg3 Rxd1+ 25. Rxd1 Be2 26. Rd6 Qxg4 27. Qxg4 Bxg4 28. Rxa6 Rc2 29. Bc3 Nxh4 30. Rxa7 Nxg2 31. Kxg2 Bf5 32. Nd6 Be6 33.
Bxe5 Bd5+ 34. Kg3 Rc1 35. e4 Be6 36. f4 Rg1+ 37. Kf2 Rh1 38.
f5 Bb3 39. Nxb5 h5 40. Nd4 Bc4 41. b5 h4 42. b6 f6 43. b7 1-0

[Event "FIDE Women World Blitz 2021"]
[Site "Warsaw"]
[Date "2021.12.29"]
[Round "7.18"]
[White "Girya, Olga"]
[Black "Dzagnidze, Nana"]
[Result "0-1"]
[ECO "E04"]
[WhiteElo "2402"]
[BlackElo "2524"]
[Annotator "ChessBase"]
[PlyCount "20"]
[EventDate "2021.12.29"]
[EventType "swiss"]
[EventCountry "POL"]
[Tiebreak "Cut1 Buchholz"]
[SourceTitle "playchess.com"]
[Source "ChessBase"]
[SourceQuality "1"]
[TimeControl "180+2"]

1. d4 Nf6 2. c4 e6 3. Nf3 d5 4. g3 dxc4 5. Bg2 a6 6. O-O Nc6 7. Qd2 Rb8 8.
Ne5 Nxe5 9. dxe5 Nd7 10. Qf4 b5 0-1

[Event "FIDE Women World Blitz 2021"]
[Site "Warsaw"]
[Date "2021.12.29"]
[Round "7.19"]
[White "Badelka, Olga"]
[Black "Injac, Teodora"]
[Result "0-1"]
[ECO "E73"]
[WhiteElo "2188"]
[BlackElo "2387"]
[Annotator "NA"]
[PlyCount "72"]
[EventDate "2021.12.29"]
[EventType "swiss"]
[EventCountry "POL"]
[Tiebreak "Cut1 Buchholz"]
[SourceTitle "playchess.com"]
[Source "ChessBase"]
[SourceQuality "1"]
[TimeControl "180+2"]

1. d4 Nf6 2. c4 g6 3. Nc3 Bg7 4. e4 d6 5. Be2 O-O 6. h4 c5 7. d5 b5 8. cxb5
a6 9. a4 Nbd7 10. Nf3 Qa5 11. O-O axb5 12. Bxb5 Ba6 13. Bxa6 Qxa6 14. Qc2 Rfb8 15. Bg5 h6 16. Bf4 Rb4 17. Rfe1 Rab8 18. Nb5 Nb6 19. b3 c4 20. bxc4 Rxc4 21. Qe2 Rxe4 22. Qc2 Rxf4 23. Rxe7 Nbxd5 24. Ree1 Rc8 25. Qd3 Rxa4 26. Rxa4 Qxa4 27. Nxd6 Rc3 28. Qd2 Qc2 29. Qd4 Rc7 30. Ne5 Qc3 31. Qd1 Nf4 32. Ndxf7 Rxf7 33. Nxf7 Kxf7 34. Qb1 Kg8 35. Qa2+ Kh7 36. Qa8 Qxe1+ 0-1

[Event "FIDE Women World Blitz 2021"]
[Site "Warsaw"]
[Date "2021.12.29"]
[Round "7.20"]
[White "Efroimski, Marsel"]
[Black "Majdan, Joanna"]
[Result "0-1"]
[ECO "B43"]
[WhiteElo "2419"]
[BlackElo "2325"]
[Annotator "NA"]
[PlyCount "46"]
[EventDate "2021.12.29"]
[EventType "swiss"]
[EventCountry "POL"]
[Tiebreak "Cut1 Buchholz"]
[SourceTitle "playchess.com"]
[Source "ChessBase"]
[SourceQuality "1"]
[TimeControl "180+2"]

1. e4 c5 2. Nf3 e6 3. d4 cxd4 4. Nxd4 a6 5. Nc3 Qc7 6. a3 d6 7. f4 Nf6 8. Qf3 Be7 9. g4 Nc6 10. Nxc6 Qxc6 11. g5 Nd7 12. Be3 b5 13. O-O-O Bb7 14. h4 Rc8 15. Kb1 Nc5 16. Bd3 Nxd3 17. cxd3 a5 18. Rc1 Qa6 19. Bd4 O-O 20. Na2 d5 21. h5 b4 22. a4 dxe4 23. dxe4 Rc4 0-1

[Event "FIDE Women World Blitz 2021"]
[Site "Warsaw"]
[Date "2021.12.29"]
[Round "7.21"]
[White "Serikbay, Assel"]
[Black "Muzychuk, Anna"]
[Result "0-1"]
[ECO "A87"]
[WhiteElo "2237"]
[BlackElo "2533"]
[Annotator "ChessBase"]
[PlyCount "92"]
[EventDate "2021.12.29"]
[EventType "swiss"]
[EventCountry "POL"]
[Tiebreak "Cut1 Buchholz"]
[SourceTitle "playchess.com"]
[Source "ChessBase"]
[SourceQuality "1"]
[TimeControl "180+2"]

1. d4 f5 2. c4 Nf6 3. g3 g6 4. Bg2 Bg7 5. Nf3 O-O 6. O-O d6 7. d5 a5 8. Nc3 Na6 9. Nd4 Nc5 10. Rb1 Bd7 11. b3 Nfe4 12. Bb2 c6 13. Nxe4 Nxe4 14. f3 Nf6 15. e4 fxe4 16. fxe4 Ng4 17. Qd2 Qb6 18. Kh1 Bh6 19. Qc3 Bg7 20. Qd2 Ne5 21. Ne2 a4 22. Bd4 c5 23. Bc3 Rxf1+ 24. Rxf1 axb3 25. axb3 Qxb3 26. Bxe5 Bxe5 27. Nf4 Ra2 28. Qd3 Qxd3 29. Nxd3 Bd4 30. Rb1 Ra1 31. Rxa1 Bxa1 32. Bf1 b5 33. Nc1 b4 34. Bd3 Kg7 35. Kg2 Kf6 36. Kf3 Ba4 37. Bb1 Ke5 38. Ke3 Bd4+ 39. Kf3 Bd1+ 40. Kg2 b3 41. Nd3+ Kf6 42. Kf1 Bc2 43. Bxc2 bxc2 44. Ke2 Bb2 45. Kd2 c1=Q+ 46. Nxc1 Bxc1+ 0-1

[Event "FIDE Women World Blitz 2021"]
[Site "Warsaw"]
[Date "2021.12.29"]
[Round "7.22"]
[White "Michna, Marta"]
[Black "Strutinskaia, Galina"]
[Result "0-1"]
[ECO "A06"]
[WhiteElo "2312"]
[BlackElo "2188"]
[Annotator "NA"]
[PlyCount "92"]
[EventDate "2021.12.29"]
[EventType "swiss"]
[EventCountry "POL"]
[Tiebreak "Cut1 Buchholz"]
[SourceTitle "playchess.com"]
[Source "ChessBase"]
[SourceQuality "1"]
[TimeControl "180+2"]

1. Nf3 d5 2. d3 c6 3. Nbd2 Nd7 4. g3 g6 5. Bg2 Bg7 6. O-O e5 7. e4 Ne7 8. a4 a5 9. Re1 O-O 10. c3 b6 11. Qc2 Bb7 12. Rb1 Qc7 13. b3 Rfe8 14. Ba3 b5 15.
exd5 Nxd5 16. Ne4 b4 17. cxb4 axb4 18. Bb2 h6 19. Ned2 Nc3 20. Bxc3 bxc3 21. Ne4 Ba6 22. Rbd1 Rab8 23. Bf1 f5 24. Nxc3 Nc5 25. Rb1 Kh7 26. b4 Ne6 27. Bg2 Qd6 28. b5 cxb5 29. Nxb5 Bxb5 30. axb5 Nc5 31. Red1 Rec8 32. Nd2 Qxd3 33. Qxd3 Nxd3 34. Bc6 e4 35. Nc4 Bd4 36. Kg2 Bc5 37. f3 exf3+ 38. Kxf3 Nb4 39. Rd7+ Kh8 40. Ne5 Nxc6 41. Nxg6+ Kg8 42. Re1 Rxb5 43. Re6 Nd4+ 44. Rxd4 Bxd4 45. Ne7+ Kf7 46. Nxf5 Rxf5+ 0-1

[Event "FIDE Women World Blitz 2021"]
[Site "Warsaw"]
[Date "2021.12.29"]
[Round "7.23"]
[White "Kashlinskaya, Alina"]
[Black "Pavlidou, Ekaterini"]
[Result "1-0"]
[ECO "E32"]
[WhiteElo "2482"]
[BlackElo "2177"]
[Annotator "ChessBase"]
[PlyCount "125"]
[EventDate "2021.12.29"]
[EventType "swiss"]
[EventCountry "POL"]
[Tiebreak "Cut1 Buchholz"]
[SourceTitle "playchess.com"]
[Source "ChessBase"]
[SourceQuality "1"]
[TimeControl "180+2"]

1. d4 Nf6 2. c4 e6 3. Nc3 Bb4 4. Qc2 O-O 5. a3 Bxc3+ 6. Qxc3 d6 7. Nf3 h6 8. g3 Ne4 9. Qc2 f5 10. Bg2 Qf6 11. O-O Nc6 12. d5 Ne7 13.
Nd2 Nxd2 14. Bxd2 e5 15. c5 g5 16. cxd6 cxd6 17. Rac1 f4 18.
Qc7 a5 19. Bxa5 Bg4 20. f3 Nxd5 21. Qxb7 Rxa5 22. fxg4 Ne3 23. Be4 Rf7 24. Rc8+ Kg7 25. Qb8 Rf8 26. Rfc1 Rc5 27. R1xc5 dxc5 28. Rxf8 Qxf8 29. Qxe5+ Qf6 30. gxf4 gxf4 31. Qc7+ Kg8 32. Qxc5 Qh4 33.
Qc8+ Kg7 34. Qc7+ Kg8 35. Qb8+ Kg7 36. Qe5+ Kg8 37. Bd5+ Nxd5 38. Qxd5+ Kg7 39. Qe5+ Kg8 40. Qxf4 Qe1+ 41.
Qf1 Qd2 42. b4 Qd4+ 43. Qf2 Qa1+ 44. Kg2 Qxa3 45. Qd4 Qa8+ 46. e4 Qa2+ 47. Kg3 Qa3+ 48. Kh4 Qf3 49. Qd5+ Kg7 50. Qe5+ Kg8 51. Qf5 Qe2 52. Qd5+ Kg7 53. Qe5+ Kg8 54. b5 Qf2+ 55. Kh5 Qf7+ 56. Kh4 Qf2+ 57. Qg3 Qf6+ 58. g5 Qe7 59. Qg4 Kg7 60. Kh3 Qa3+ 61. Qg3 Qe7 62. gxh6+ Kxh6 63. Qh4+ 1-0

[Event "FIDE Women World Blitz 2021"]
[Site "Warsaw"]
[Date "2021.12.29"]
[Round "7.24"]
[White "Zatonskih, Anna"]
[Black "Paramzina, Anastasya"]
[Result "1-0"]
[ECO "D85"]
[WhiteElo "2394"]
[BlackElo "2260"]
[Annotator "NA"]
[PlyCount "84"]
[EventDate "2021.12.29"]
[EventType "swiss"]
[EventCountry "POL"]
[Tiebreak "Cut1 Buchholz"]
[SourceTitle "playchess.com"]
[Source "ChessBase"]
[SourceQuality "1"]
[TimeControl "180+2"]

1. d4 Nf6 2. c4 g6 3. Nc3 d5 4. cxd5 Nxd5 5. Bd2 c5 6. dxc5 Bg7 7. Rc1 Nxc3 8. Bxc3 Bxc3+ 9. Rxc3 Qxd1+ 10. Kxd1 O-O 11. Nf3 Rd8+ 12. Kc1 Nc6 13. a3 a5 14. e3 Bf5 15. Bb5 Be4 16. Rd1 Bxf3 17. gxf3 Ne5 18. Be2 Rdc8 19. f4 Nc6 20. Rd7 Ra7 21. Bf3 Kf8 22. Rd2 a4 23.
Bxc6 Rxc6 24. Rd4 Ra5 25. Kd2 Rb5 26. Rb4 Rbxc5 27. Rxc5 Rxc5 28. Rxb7 Rh5 29. Ra7 Rxh2 30. Ke2 Rh1 31. Rxa4 h5 32. b4 Rb1 33. Kf3 e6 34. Ra5 Ke7 35. b5 Kd6 36. a4 Kc5 37. Ra7 f6 38. Ra6 Ra1 39. Rxe6 Rxa4 40. Rxf6 Kxb5 41. Rxg6 Kc4 42. Rh6 Kd5 1-0

[Event "FIDE Women World Blitz 2021"]
[Site "Warsaw"]
[Date "2021.12.29"]
[Round "7.25"]
[White "Maisuradze, Nino"]
[Black "Cyfka, Karina"]
[Result "0-1"]
[ECO "E44"]
[WhiteElo "2175"]
[BlackElo "2416"]
[Annotator "NA"]
[PlyCount "128"]
[EventDate "2021.12.29"]
[EventType "swiss"]
[EventCountry "POL"]
[Tiebreak "Cut1 Buchholz"]
[SourceTitle "playchess.com"]
[Source "ChessBase"]
[SourceQuality "1"]
[TimeControl "180+2"]

1. d4 Nf6 2. c4 e6 3. Nc3 Bb4 4. e3 O-O 5. Nge2 b6 6. a3 Be7 7. d5 Bb7 8. Ng3 a5 9. b3 Na6 10. Bb2 Re8 11. Be2 Bf8 12. O-O d6 13. Bd3 g6 14. Bc2 Bg7 15.
Rb1 exd5 16. cxd5 Nc5 17. Re1 Ncd7 18. e4 h5 19. Nge2 Ne5 20.
f3 Nfd7 21. Bc1 Qe7 22. Be3 Ba6 23. b4 axb4 24. axb4 Nc4 25. Bd4 Nde5 26. b5 Bc8 27. Bb3 Na5 28. Bf2 Bh6 29. Nd4 Qf6 30.
Nce2 Bd7 31. Nc6 Nb7 32. Ned4 Nc5 33. Bc2 Ra2 34. Ra1 Rxa1 35. Qxa1 Bd2 36. Rd1 Bh6 37. Qa7 Rc8 38. Bg3 h4 39. Bf2 h3 40. Qa2 hxg2 41. Kxg2 Qg5+ 42. Bg3 Qf6 43. Rf1 Bf4 44. Bd1 Bxg3 45. hxg3 Ncd3 46. Qe2 Nc5 47. Rh1 Kg7 48. f4 Ned3 49. Kf1 Rh8 50. Rxh8 Kxh8 51. Qh2+ Kg7 52. Be2 Nc1 53. Ke1 Bxc6 54. bxc6 Qxd4 55. f5 Qc3+ 56. Kf1 Nxe4 57. f6+ Qxf6+ 58. Ke1 Nb3 59. g4 Qa1+ 60. Bd1 Qc3+ 61. Kf1 Nbd2+ 62. Kg1 Qe3+ 63. Kh1 Qe1+ 64. Qg1 Qxd1 0-1

[Event "FIDE Women World Blitz 2021"]
[Site "Warsaw"]
[Date "2021.12.29"]
[Round "7.26"]
[White "Bartel, Marta"]
[Black "Muetsch, Annmarie"]
[Result "0-1"]
[ECO "E61"]
[WhiteElo "2192"]
[BlackElo "2279"]
[Annotator "NA"]
[PlyCount "58"]
[EventDate "2021.12.29"]
[EventType "swiss"]
[EventCountry "POL"]
[Tiebreak "Cut1 Buchholz"]
[SourceTitle "playchess.com"]
[Source "ChessBase"]
[SourceQuality "1"]
[TimeControl "180+2"]

1. d4 d6 2. Nf3 g6 3. Bg5 Bg7 4. e3 Nd7 5. Be2 Ngf6 6. c4 e5 7. Nc3 c6 8. O-O Qe7 9. Qc2 O-O 10. Rad1 h6 11. Bh4 g5 12. Bg3 Nh5 13. dxe5 Nxg3 14. hxg3 dxe5 15. a3 f5 16. b4 Nf6 17. c5 e4 18. Nd4 Kh8 19. g4 f4 20.
Nf5 Bxf5 21. gxf5 Qe5 22. Rd6 Qxf5 23. f3 fxe3 24. fxe4 Qe5 25. Rf5 Qg3 26. Qd1 Nh7 27. Rxf8+ Rxf8 28. Qc2 Be5 29. Rxh6 Qe1+ 0-1

[Event "FIDE Women World Blitz 2021"]
[Site "Warsaw"]
[Date "2021.12.29"]
[Round "7.27"]
[White "Danielian, Elina"]
[Black "Salimova, Nurgyul"]
[Result "0-1"]
[ECO "D00"]
[WhiteElo "2450"]
[BlackElo "2353"]
[Annotator "ChessBase"]
[PlyCount "118"]
[EventDate "2021.12.29"]
[EventType "swiss"]
[EventCountry "POL"]
[Tiebreak "Cut1 Buchholz"]
[SourceTitle "playchess.com"]
[Source "ChessBase"]
[SourceQuality "1"]
[TimeControl "180+2"]

1. d4 Nf6 2. Bg5 d5 3. Bxf6 exf6 4. e3 c6 5. g3 Bd6 6. Bg2 Qb6 7. b3 h5 8. h4 Bg4 9. Bf3 Bxf3 10. Nxf3 Nd7 11. Kf1 f5 12. Kg2 Nf6 13. c4 Qc7 14. Nc3 Bb4 15. Ne2 dxc4 16. bxc4 Ne4 17. Rb1 Be7 18. Qc2 O-O 19. Nf4 g6 20. c5 b6 21. cxb6 axb6 22. Nd5 Qd6 23.
Nxb6 Ra6 24. Rb2 Qe6 25. Rhb1 Rb8 26. Rb3 Rd8 27. R1b2 Bf6 28. Qc4 Qxc4 29. Nxc4 c5 30. Rb6 Rxb6 31. Rxb6 cxd4 32. exd4 Bxd4 33. Nxd4 Rxd4 34. Ne3 Rd2 35. a4 Rxf2+ 36. Kg1 Re2 37. Nd5 Nxg3 38. a5 Ra2 39. a6 Ne2+ 40. Kf1 Nd4 41. Nb4 Ra1+ 42. Kf2 Ne6 43. Rb8+ Kg7 44. Rb7 Nc5 45. Ra7 Ra4 46. Rc7 Nxa6 47. Nxa6 Rxa6 48. Kg3 Ra3+ 49. Kf4 Ra4+ 50. Kg3 Rg4+ 51. Kh3 f4 52. Rc4 Rg3+ 53. Kh2 Rg4 54. Kh3 f3 55. Rc3 Rf4 56. Rc1 f2 57. Rf1 Kf6 58. Kg3 Kf5 59. Kg2 Kg4 0-1

[Event "FIDE Women World Blitz 2021"]
[Site "Warsaw"]
[Date "2021.12.29"]
[Round "7.28"]
[White "Pourkashiyan, Atousa"]
[Black "Kiolbasa, Oliwia"]
[Result "0-1"]
[ECO "C92"]
[WhiteElo "2322"]
[BlackElo "2403"]
[Annotator "NA"]
[PlyCount "190"]
[EventDate "2021.12.29"]
[EventType "swiss"]
[EventCountry "POL"]
[Tiebreak "Cut1 Buchholz"]
[SourceTitle "playchess.com"]
[Source "ChessBase"]
[SourceQuality "1"]
[TimeControl "180+2"]

1. e4 e5 2. Nf3 Nc6 3. Bb5 a6 4. Ba4 Nf6 5. O-O Be7 6. Re1 b5 7. Bb3 d6 8. c3 O-O 9. h3 Bb7 10. d3 Na5 11. Bc2 c5 12. Nbd2 Nc6 13.
Nf1 Re8 14. Ng3 Bf8 15. Bg5 h6 16. Be3 d5 17. Qe2 Qc7 18.
Rad1 Rad8 19. Bc1 b4 20. Ba4 Qa5 21. Qc2 bxc3 22. bxc3 d4 23.
Bd2 Qc7 24. c4 Rb8 25. Nf5 Re6 26. g4 Ne8 27. Kh1 Nb4 28. Qb1 Kh7 29. Rg1 g6 30. Ng3 Bc8 31. Bc1 Reb6 32. Qa1 Bb7 33. a3 Nc6 34. Bc2 Nd8 35. Bd2 Rc6 36. Qc1 Ne6 37. Nh4 Nf4 38. Bxf4 exf4 39. Ne2 Bd6 40. Nf3 f6 41. Qd2 Rb6 42. Rb1 Ba8 43. Rxb6 Rxb6 44. Ne1 Rb2 45. Qc1 Qb8 46. f3 Nc7 47. Ng2 Ne6 48. h4 h5 49. gxh5 gxh5 50.
Kh2 Nf8 51. Bb1 Ng6 52. Qf1 Bc6 53. Qd1 Qe8 54. Bc2 Qb8 55.
Qc1 Rb7 56. Qd2 Qc7 57. Rb1 Rxb1 58. Bxb1 Qb8 59. Kg1 Qxb1+ 60. Kf2 Qb3 61. Qa5 Qb7 62. Qd8 Be7 63. Qa5 Nf8 64. Ngxf4 Ng6 65. Nxh5 Nxh4 66. Nhg3 f5 67. Qd2 fxe4 68.
fxe4 Bd6 69. Qg5 Qf7+ 70. Nf5 Nxf5 71. exf5 Bd7 72. Qh4+ Kg7 73. Qg5+ Kf8 74. Qd8+ Kg7 75. Qg5+ Kh7 76. Qh4+ Kg8 77. Qg5+ Qg7 78. Qd8+ Kh7 79. f6 Qf7 80. Ng1 Be5 81. Nf3 Bxf6 82. Qc7 Kg8 83. Qb8+ Kg7 84. Qg3+ Kh7 85. Qh2+ Kg8 86. Qb8+ Be8 87. Qg3+ Bg7 88. Qd6 Qf8 89. Qd5+ Bf7 90. Qc6 Bh5 91. Qd5+ Qf7 92. Qa8+ Kh7 93. Qe4+ Kg8 94. Qa8+ Bf8 95. a4 Bxf3 0-1